 Dungeon Crawl Stone Soup version 0.27.1-33-g824d729ab1 (webtiles) character file.

Game seed: 3989563928956183794

3630 Tirrikindir the Carver (level 10, 0/68 HPs)
             Began as an Octopode Fighter on Dec 23, 2021.
             Was an Elder of Ru.
             Slain by a manticore (10 damage)
             ... on level 7 of the Dungeon.
             The game lasted 00:20:44 (7836 turns).

Tirrikindir the Carver (Octopode Fighter)           Turns: 7836, Time: 00:20:45

Health: 0/68       AC:  1    Str: 22    XL:     10   Next: 11%
Magic:  19/19      EV: 14    Int: 10    God:    Ru [****..]
Gold:   860        SH: 12    Dex: 15    Spells: 9/9 levels left

rFire    + . .     SeeInvis .   g - +3 long sword (freeze)
rCold    . . .     Faith    .   b - +1 kite shield
rNeg     . . .     Spirit   .   (helmet restricted)
rPois    .         Reflect  .   (no amulet)
rElec    .         Harm     .   f - +6 ring of strength
rCorr    .         Rampage  .   k - ring of magical power
Will     +....                  n - ring of protection from fire
Stlth    +++++.....             p - ring of willpower
HPRegen  0.21/turn              (no ring)
MPRegen  0.16/turn              (no ring)
                                (no ring)
                                (no ring)

@: unable to drink
A: no potions, almost no armour, amphibious, 8 rings, camouflage 1, gelatinous
body 1, inability to drink while threatened, hated by all, no poison magic, no
translocations magic, no transmutations magic, (nimble swimmer 1), tentacles
a: Renounce Religion, Draw Out Power, Power Leap


You were on level 7 of the Dungeon.
You worshipped Ru.
Ru was greatly pleased with you.
You visited 2 branches of the dungeon, and saw 8 of its levels.

You collected 860 gold pieces.

Inventory:

Hand Weapons
 a - a +0 long sword of flaming
 g - a +3 long sword of freezing (weapon)
Missiles
 h - 2 poisoned darts (quivered)
Armour
 b - a +1 kite shield (worn)
Jewellery
 f - a +6 ring of strength (left tentacle)
 k - a ring of magical power (right tentacle)
 n - a ring of protection from fire (on tentacle)
 p - a ring of willpower (on tentacle)
Wands
 c - a wand of paralysis (2)
 m - a wand of flame (14)
Scrolls
 l - a scroll of immolation
 q - 2 scrolls of brand weapon
 r - a scroll of amnesia
 s - a scroll of holy word
Potions
 d - 3 potions of lignification
 e - 2 potions of magic
 i - 2 potions of heal wounds
 o - 2 potions of cancellation


   Skills:
 * Level 6.1 Fighting
 * Level 9.2 Long Blades
 * Level 6.0 Dodging
 + Level 7.6 Stealth
 * Level 6.1 Shields
 + Level 2.5 Evocations


You had 9 spell levels left.
You didn't know any spells.
Your spell library contained the following spells:

 Spells                   Type           Power      Damage    Failure   Level
 Foxfire                  Conj/Fire      0%         2x1d4     75%         1
 Pain                     Necr           0%         1d4       75%         1
 Conjure Flame            Conj/Fire      0%         6-21      98%         3
 Inner Flame              Hex/Fire       0%         N/A       98%         3
 Vampiric Draining        Necr           0%         2d6       98%         3
 Animate Skeleton         Necr           Unusable   N/A       N/A         1

Dungeon Overview and Level Annotations

Branches:
Dungeon (7/15)             Temple (1/1) D:5

Altars:
Ashenzari
Cheibriados
Dithmenos
Gozag
Hepliaklqana
Makhleb
Nemelex Xobeh
Okawaru
Qazlal
Ru
Sif Muna
Trog
Uskayaw
Vehumet
Wu Jian
Yredelemnul
Zin
The Shining One

Shops:
D:1 [

Annotations:
D:6 2 runed translucent doors


Innate Abilities, Weirdness & Mutations

You cannot drink.
You cannot wear most types of armour.
You are amphibious.
You can wear up to eight rings at the same time.
Your skin changes colour to match your surroundings (Stealth+).
Your rubbery body absorbs attacks. (AC +1, EV +1)
You sometimes lose the ability to drink potions when taking damage.
You are hated by all.
You cannot study or cast Poison magic.
You cannot study or cast Translocations magic.
You cannot study or cast Transmutations magic.
((You are camouflaged near water. (Stealth+)))
You have tentacles for arms and can constrict up to eight enemies at once.


Message History

You hit the hound. You freeze the hound. You squeeze the hound!
The hound is almost dead.
You constrict the hound.
You kill the hound!
A hound is nearby!
Unknown command.
Throw: 4 darts (poison)
Press: ? - help, Q - select action, (/) - cycle Shift-Dir - straight line, f - hound
Aim: a hound (51% to hit)
You throw a poisoned dart. The poisoned dart hits the hound.
Throw: 3 darts (poison)
Press: ? - help, Q - select action, (/) - cycle Shift-Dir - straight line, f/p - hound
Aim: a hound (51% to hit)
You throw a poisoned dart. The poisoned dart hits the hound.
The hound is poisoned.
You hit the hound but do no damage. You grab the hound. You squeeze the hound!
The hound is severely wounded.
You constrict the hound.
The hound is stunned by your conviction and fails to attack.
You block the hound's attack.
You hit the hound. You freeze the hound.
You kill the hound!
You start resting.
A manticore comes into view.
A shadow comes into view.
Things that are here:
a water moccasin corpse; a troll corpse You see here a +0 mace.
You strike the helpless manticore from behind!
You slice the manticore!! You freeze the manticore! You squeeze the manticore!
The manticore is almost dead.
The manticore bites you!!
You feel threatened and lose the ability to drink potions!
You focus your inner power and illuminate the manticore in retribution!
You block the manticore's attack. x2
You hit the manticore. You freeze the manticore.
The manticore is almost dead.
The manticore completely misses you. The manticore claws you!
* * * LOW HITPOINT WARNING * * *
The manticore claws you!
You die...

#.#.# .#...........#) .#
...........(...
#.[h...W....#
#...........# #......(..#
#.....(.# #. #..)..# . #
###)### .#. #.@...#...
#†#H#.#.# # #.###..## .#
#.#.#.#.#9#. .# #
#.#.....#... #. .#
#.###.####.#. .#.##
###....[...##..###..##.
#.......##..##..#).##..
####............###.###...


You could see a manticore (corona) and a shadow.

Vanquished Creatures
  A two-headed ogre (D:5)
  A gargoyle (D:7)
  A troll (D:7)
  2 water moccasins
  A necrophage (D:6)
  2 centaurs
  A phantom (D:6)
  A lemure (D:3)
  A kobold brigand (D:7)
  A bullfrog (D:7)
  A gnoll sergeant (D:7)
  2 wyvern zombies
  2 scorpions
  A water moccasin zombie (D:6)
  2 water moccasin skeletons
  A killer bee (D:7)
  4 wights (D:6)
  A howler monkey (D:6)
  6 hounds
  3 jellies
  A gnoll shaman (D:7)
  A bullfrog skeleton (D:5)
  3 centaur skeletons
  2 iguanas
  An orc wizard (D:5)
  A killer bee zombie (D:6)
  A hound zombie (D:5)
  A hound skeleton (D:5)
  A howler monkey zombie (D:6)
  5 gnolls
  A howler monkey skeleton (D:7)
  4 adders
  A white imp (D:6)
  An adder skeleton (D:4)
  A worm (D:2)
  7 orcs
  5 bats
  10 endoplasms
  5 giant cockroaches
  5 hobgoblins
  3 jackals (D:5)
  A quokka (D:1)
  4 ball pythons
  2 frilled lizards (D:1)
  8 goblins
  4 kobolds
  7 rats
121 creatures vanquished.

Vanquished Creatures (others)
  Pikel (D:4)
  A water moccasin (D:7)
2 creatures vanquished.

Grand Total: 123 creatures vanquished

Notes
Turn   | Place    | Note
-------+----------+-------------------------------------------
     0 | D:1      | Tirrikindir the Octopode Fighter began the quest for the
                  | Orb.
     0 | D:1      | Reached XP level 1. HP: 16/16 MP: 1/1
   239 | D:1      | Reached XP level 2. HP: 16/21 MP: 2/2
   407 | D:1      | Reached skill level 1 in Stealth
   555 | D:1      | Found a faded altar of an unknown god.
   559 | D:1      | Became a worshipper of Ru the Awakened
   583 | D:1      | Gained mutation: You cannot study or cast Poison magic. [Ru
                  | sacrifice]
   583 | D:1      | Gained mutation: You cannot study or cast Transmutations
                  | magic. [Ru sacrifice]
   583 | D:1      | Gained mutation: You cannot study or cast Translocations
                  | magic. [Ru sacrifice]
   583 | D:1      | Reached * piety under Ru
   671 | D:1      | Found Wenai's Antique Armour Boutique.
  1127 | D:2      | Reached XP level 3. HP: 9/26 MP: 3/3
  1576 | D:2      | Reached XP level 4. HP: 14/31 MP: 4/4
  1763 | D:2      | Reached skill level 3 in Long Blades
  2251 | D:2      | Identified a scroll of acquirement
  2252 | D:2      | Acquired 625 gold pieces
  2549 | D:3      | Noticed a scorpion
  2576 | D:3      | Killed a scorpion
  2577 | D:3      | Reached XP level 5. HP: 35/36 MP: 5/5
  2827 | D:3      | Found an iron altar of Okawaru.
  3124 | D:4      | Noticed Pikel
  3124 | D:4      | Noticed a lemure
  3124 | D:4      | Noticed a lemure
  3125 | D:4      | Noticed a lemure
  3127 | D:4      | Noticed a lemure
  3135 | D:3      | Killed a lemure
  3196 | D:4      | Noticed a centaur
  3209 | D:4      | Killed a centaur
  3210 | D:4      | Reached XP level 6. HP: 21/43 MP: 6/6
  3211 | D:4      | Gained mutation: You sometimes lose the ability to drink
                  | potions when taking damage. [Ru sacrifice]
  3211 | D:4      | Reached ** piety under Ru
  3414 | D:4      | Found a broken altar of Ashenzari.
  3437 | D:4      | Found a burning altar of Makhleb.
  3460 | D:4      | Reached skill level 4 in Long Blades
  3638 | D:4      | Found a bloodstained altar of Trog.
  3686 | D:4      | HP: 2/43 [Pikel (2)]
  3686 | D:4      | Killed Pikel
  3687 | D:4      | Reached skill level 6 in Long Blades
  3687 | D:4      | Reached skill level 5 in Stealth
  3687 | D:4      | Reached XP level 7. HP: 3/48 MP: 7/7
  4101 | D:4      | Reached XP level 8. HP: 54/54 MP: 8/8
  4226 | D:5      | Entered Level 5 of the Dungeon
  4252 | D:5      | Noticed a two-headed ogre
  4425 | D:5      | Identified the +5 whip "Dairad" {elec, rC+ Dex+3 SInv}
  4427 | D:5      | Found a staircase to the Ecumenical Temple.
  4437 | Temple   | Entered the Ecumenical Temple
  4715 | D:5      | Reached skill level 7 in Long Blades
  5013 | D:5      | HP: 2/54 [two-headed ogre (30)]
  5014 | D:5      | Killed a two-headed ogre
  5015 | D:5      | Reached skill level 8 in Long Blades
  5015 | D:5      | Reached XP level 9. HP: 3/59 MP: 9/9
  6253 | D:6      | Reached skill level 5 in Fighting
  6265 | D:6      | Reached skill level 5 in Dodging
  6265 | D:6      | Reached skill level 5 in Shields
  6368 | D:6      | Reached skill level 1 in Evocations
  6368 | D:6      | Found a runed translucent door.
  6375 | D:6      | Found a runed translucent door.
  6762 | D:6      | Found an ornate altar of the Wu Jian Council.
  7079 | D:7      | Gained mutation: You are hated by all. [Ru sacrifice]
  7079 | D:7      | Reached *** piety under Ru
  7079 | D:7      | Reached **** piety under Ru
  7099 | D:7      | Noticed a troll
  7733 | D:7      | Reached skill level 9 in Long Blades
  7766 | D:7      | Noticed a gargoyle
  7778 | D:7      | Killed a troll
  7779 | D:7      | Reached XP level 10. HP: 35/68 MP: 10/10
  7783 | D:7      | Killed a gargoyle
  7832 | D:7      | Noticed a manticore
  7836 | D:7      | Slain by a manticore

Illustrated notes

Levels and vault maps discovered:
D:1:      giann_bridges, layout_basic, ebering_ecumenical_altar_box,
          serial_shops, nicolae_shop_behind_doors, minmay_pentomino_p2
D:2:      layout_basic
D:3:      layout_loops_cross, lemuel_tele_altar
D:4:      layout_cave_pools, old_standard_altar, trog_book,
          cheibrodos_ashenzari_chains, cheibrodos_gnoll_hut, uniq_pikel
D:5:      layout_layer_cave, minmay_temple_entry_steel_oval
D:6:      lemuel_insect_pit, layout_basic, pdpol_wu_jian_five_deadly_venoms,
          grunt_decor_fettered
D:7:      minmay_the_grid_octo_tiled_squarecenter [minmay_the_grid_octo_clover,
          minmay_the_grid_octo_odd_swirl, minmay_the_grid_octo_focus,
          minmay_the_grid_octo_empty, minmay_the_grid_square_5x5_megaprize_open,
          minmay_the_grid_square_5x5_six, minmay_the_grid_square_5x5_mess,
          minmay_the_grid_square_5x5_checkered_sparse,
          minmay_the_grid_square_5x5_inner_i], layout_rooms
Temple:   oiseaux_autumnal_temple

Skill      XL: |  1  2  3  4  5  6  7  8  9 10 |
---------------+-------------------------------+-----
Stealth        | 1 2 3 5 6 7 |  7.6
Long Blades    | 3 6 8 9 |  9.2
Dodging        | 4 5 6 |  6.0
Shields        | 4 5 6 |  6.1
Fighting       | 4 5 6 |  6.1
Evocations     | 2 |  2.5

Action                   |  1- 3 |  4- 6 |  7- 9 | 10-12 || total
-------------------------+-------+-------+-------+-------++-------
Melee: Long sword        |    45 |    66 |   127 |    10 ||   248
       Constrict         |    12 |    14 |    21 |     3 ||    50
       Tentacles         |    11 |    17 |    49 |     3 ||    80
Throw: Throwing net      |       |     1 |       |       ||     1
       Dart              |       |       |       |     3 ||     3
Invok: Sacrifice Arcana  |     1 |       |       |       ||     1
       Sacrifice Drink   |       |     1 |       |       ||     1
       Sacrifice Love    |       |       |     1 |       ||     1
Evoke: Wand              |       |       |     6 |     1 ||     7
  Use: Scroll            |     2 |     4 |    10 |       ||    16
       Potion            |       |       |     7 |       ||     7
 Stab: Sleeping          |    12 |     8 |    14 |       ||    34
       Paralysed         |       |       |     1 |     3 ||     4
       Distracted        |       |       |     1 |     1 ||     2
Armor: Skin              |     2 |     2 |     7 |       ||    11
Dodge: Dodged            |    10 |    31 |    47 |     1 ||    89
Block: Kite shield       |     9 |    34 |    43 |     4 ||    90
       Rpst.: Long sword |     1 |     9 |    17 |       ||    27
